 Dungeon Crawl Stone Soup version 0.32-a0-711-g016ad743e0 (webtiles) character file.

Game seed: 11948608186522953092

1603 Armakuni the Twirler (level 8, 0/49 HPs)
             Began as a Deep Elf Gladiator on Mar 10, 2024.
             Was a Follower of Elyvilon.
             Slain by a sky beast (1 damage)
             ... on level 6 of the Dungeon on Mar 15, 2024.
             The game lasted 00:16:23 (6814 turns).

Armakuni the Twirler (Deep Elf Gladiator)           Turns: 6814, Time: 00:16:23

Health: 0/49       AC:  5    Str: 13    XL:     8   Next: 63%
Magic:  9/10       EV: 12    Int: 14    God:    Elyvilon [*.....]
Gold:   208        SH:  0    Dex: 16    Spells: 1/7 levels left

rFire   . . .        a - +0 quarterstaff
rCold   . . .        (shield currently unavailable)
rNeg    . . .        m - +0 leather armour
rPois   .            g - +1 helmet
rElec   .            (no cloak)
rCorr   .            (no gloves)
SInv    .            (no boots)
Will    .....        U - amulet of faith
Stlth   +            (no ring)
HPRegen 0.28/turn    (no ring)
MPRegen 0.12/turn

%: faith
@: no status effects
A: no striking features
a: Renounce Religion, Purification


You were on level 6 of the Dungeon.
You worshipped Elyvilon.
Elyvilon was aware of your devotion.
You visited 2 branches of the dungeon, and saw 8 of its levels.

You collected 364 gold pieces.
You spent 156 gold pieces at shops.

Inventory:

Hand Weapons
 a - a +0 quarterstaff (weapon)
Missiles
 e - a javelin
Armour
 g - a +1 helmet (worn)
 m - a +0 leather armour (worn)
Magical Staves
 b - a staff of conjuration
Jewellery
 U - an amulet of faith (around neck)
Wands
 c - a wand of charming (10)
 k - a wand of iceblast (2)
Scrolls
 d - a scroll of vulnerability
 j - 4 scrolls of teleportation
 l - a scroll of amnesia
 o - a scroll of silence {unknown}
 p - a scroll of revelation
 q - 2 scrolls of identify
 r - a scroll of fear {unknown}
Potions
 f - 2 potions of resistance
 h - 2 potions of heal wounds
 i - a potion of brilliance
 n - 2 potions of curing
 s - a potion of degeneration {unknown}


   Skills:
 - Level 5.0 Fighting
 + Level 7.1 Staves
 - Level 2.0 Throwing
 - Level 3.6 Dodging
 - Level 5.0 Conjurations
 - Level 5.0 Evocations


You had one spell level left.
You knew the following spells:

 Your Spells              Type           Power      Damage    Failure   Level
b - Blink                 Tloc           0%         N/A       50%         2
l - Lesser Beckoning      Tloc           0%         N/A       50%         2
s - Momentum Strike       Conj/Tloc      14%        3d8       21%         2

Your spell library contained the following spells:

 Spells                   Type           Power      Damage    Failure   Level


Dungeon Overview and Level Annotations

Branches:
Dungeon (7/15)             Temple (1/1) D:5

Altars:
Ashenzari
Cheibriados
Dithmenos
Elyvilon
Fedhas
Hepliaklqana
Kikubaaqudgha
Makhleb
Nemelex Xobeh
Okawaru
Qazlal
Sif Muna
Uskayaw
Xom
Yredelemnul
Zin
The Shining One

Shops:
D:1 (   D:3 !=(   D:5 *


Message History

Press: ? - help, Dir - move target, f - sky beast
Aim: a sky beast (56% to hit)
The concentrated momentum hits the sky beast!
The sky beast is heavily wounded.
You are unable to move.
The sky beast barely misses you.
You hit the sky beast.
The sky beast is severely wounded.
The sky beast hits you. The sky beast shocks you.
You closely miss the sky beast.
The sky beast is severely wounded.
The sky beast hits you. The sky beast shocks you.
You barely miss the sky beast.
The sky beast is severely wounded.
The sky beast flickers out of sight!
Deactivating autopickup; reactivate with Ctrl-A.
Something hits you but does no damage.
You cannot move.
You cannot move.
You cannot move.
You cannot move.
You cannot move.
You miss something. Something hits you but does no damage.
You closely miss something. Something completely misses you.
You miss something.
You are no longer robbed of momentum.
Something hits you but does no damage.
You hit something but do no damage. You barely miss something.
Something hits you. Something shocks you.
You hit something but do no damage. Something hits you.
* * * LOW HITPOINT WARNING * * *
Something shocks you.
* * * LOW HITPOINT WARNING * * *
You miss something. Something hits you but does no damage.
You sock something! Something hits you.
* * * LOW HITPOINT WARNING * * *
Something shocks you.
* * * LOW HITPOINT WARNING * * *
You closely miss something. Something hits you but does no damage.
You barely miss something. Something hits you.
You die...

#.######.##..'.._.ß≈≈≈####
#.# #.#...#♣...♣≈≈≈#..#
#.# #.#.####♣.♣≈≈≈###.#
#.# #......######## #.#
#.# #)#.##.##..# #.#
###.#### #.#.##.##..#
#.###
.......###.#.##.##..##
#...#
###.##.......##.##...##
###.#
....######......@{.>#.##
#.# ###.# #.####.##...#.#
#.# #..#
####.####.###...## #.#
#..# #...............# #.#
#..###..........###..# #.#
##.......#####.#.# #..#
#.# .....##..# #.#.###..#
#.# .###.#...#
#........######.# .#
#.....# #.#............<#


There were no monsters in sight!

Vanquished Creatures
  Menkaure (D:4)
  A sky beast (D:6)
  2 black bears (D:5)
  2 ogres
  A kobold brigand (D:6)
  2 phantoms
  2 scorpions
  2 bombardier beetles
  5 hounds
  2 orc priests (D:6)
  4 iguanas
  3 orc wizards
  Terence (D:2)
  11 adders
  A shadow imp (D:5)
  A white imp (D:6)
  2 ufetubi (D:3)
  2 ribbon worms
  4 dart slugs
  19 orcs
  2 ball pythons
  5 endoplasms
  A giant cockroach (D:1)
  A goblin (D:1)
  5 hobgoblins
  14 kobolds
  A quokka (D:1)
  5 bats
  3 rats (D:1)
105 creatures vanquished.

Vanquished Creatures (collateral kills)
  A sleepcap (D:4)
  A giant cockroach (D:4)
  A hobgoblin (D:4)
3 creatures vanquished.

Grand Total: 108 creatures vanquished

Notes
Turn   | Place    | Note
-------+----------+-------------------------------------------
     0 | D:1      | Armakuni the Deep Elf Gladiator began the quest for the
                  | Orb.
     0 | D:1      | Reached XP level 1. HP: 12/12 MP: 3/3
   112 | D:1      | Found Anlajol's Weapon Shop.
   228 | D:1      | Reached XP level 2. HP: 17/17 MP: 4/4
   871 | D:2      | Noticed Terence
   892 | D:2      | Killed Terence
   893 | D:2      | Reached XP level 3. HP: 11/23 MP: 5/5
  1223 | D:2      | Found a faded altar of an unknown god.
  1458 | D:2      | Reached XP level 4. HP: 28/28 MP: 6/6
  1914 | D:2      | Reached XP level 5. HP: 22/34 MP: 7/7
  1974 | D:3      | Learned a level 2 spell: Blink
  1977 | D:3      | Learned a level 2 spell: Lesser Beckoning
  2038 | D:3      | Found Qampihun's Antique Weapon Shop.
  2135 | D:3      | Found a stormy altar of Qazlal.
  2137 | D:3      | Found a shimmering altar of Xom.
  2137 | D:3      | Found a sparkling altar of Nemelex Xobeh.
  2137 | D:3      | Found a snail-covered altar of Cheibriados.
  2145 | D:3      | Found an iron altar of Okawaru.
  2150 | D:3      | Found a blossoming altar of Fedhas.
  2265 | D:3      | Found Amuwur's Distillery.
  2296 | D:3      | Bought a potion of heal wounds for 65 gold pieces
  2296 | D:3      | Bought a potion of attraction for 39 gold pieces
  2296 | D:3      | Bought a potion of might for 52 gold pieces
  2383 | D:3      | Found Deodum's Jewellery Shoppe.
  2876 | D:4      | Reached skill level 5 in Fighting
  2897 | D:4      | Reached XP level 6. HP: 19/40 MP: 8/8
  2978 | D:4      | Noticed Menkaure
  2990 | D:4      | Killed Menkaure
  3386 | D:4      | Reached skill level 5 in Evocations
  3386 | D:4      | Reached skill level 1 in Conjurations
  3386 | D:4      | Reached XP level 7. HP: 43/44 MP: 9/9
  3386 | D:4      | Upgraded the game from 0.32-a0-673-g3729bd50f8 to
                  | 0.32-a0-711-g016ad743e0
  3743 | D:4      | Learned a level 2 spell: Momentum Strike
  3767 | D:5      | Entered Level 5 of the Dungeon
  4123 | D:5      | Found a glowing golden altar of the Shining One.
  4315 | D:5      | Reached skill level 5 in Conjurations
  4485 | D:5      | Reached skill level 4 in Staves
  4485 | D:5      | Reached XP level 8. HP: 7/49 MP: 7/10
  4789 | D:5      | Reached skill level 5 in Staves
  4871 | D:5      | Found a basalt altar of Yredelemnul.
  4973 | D:5      | Found Zin's Purification Station.
  4976 | D:5      | Found a glowing silver altar of Zin.
  5017 | D:5      | Found a staircase to the Ecumenical Temple.
  5046 | Temple   | Entered the Ecumenical Temple
  5607 | Temple   | Became a worshipper of Elyvilon the Healer
  5759 | D:6      | Reached skill level 6 in Staves
  6472 | D:6      | Found a hazy altar of Hepliaklqana.
  6497 | D:6      | Reached * piety under Elyvilon
  6605 | D:6      | Reached skill level 7 in Staves
  6812 | D:6      | HP: 1/49 [something (6)]
  6814 | D:6      | Slain by a sky beast

Illustrated notes

Levels and vault maps discovered:
D:1:      minmay_arrival_plants_in_alcoves, layout_basic, serial_shops,
          shop_statue, minmay_hedge_maze
D:2:      layout_loops_ring, hellmonk_ecumenical_altar_pennies_from_heaven,
          uniq_terence
D:3:      layout_basic, minmay_overflow_temple_hex, serial_shops,
          nicolae_shop_industrial_runoff, nicolae_shop_advertising_works
          [nicolae_subvault_shop_adworks], nicolae_shop_gaudy_bauble
D:4:      layout_loops_ring, uniq_menkaure
D:5:      layout_basic, nicolae_tso_carved_into_rock,
          mainiacjoe_overflow_catwalk, zin_purify, minmay_temple_entry_glass,
          mainiacjoe_sewer_entry_somewhere_in_here_1
D:6:      layout_loops_ring, worldfamousw_hep_ancestral_shrine
D:7:      layout_rooms, serial_shops, shop
Temple:   nicolae_temple_great_sept

Skill      XL: |  1  2  3  4  5  6  7  8 |
---------------+-------------------------+-----
Fighting       | 2 3 4 5 |  5.0
Evocations     | 2 5 |  5.0
Conjurations   | 1 5 |  5.0
Staves         | 4 7 |  7.1
Throwing       | |  2.0
Dodging        | |  3.6

Action                     |  1- 3 |  4- 6 |  7- 9 || total
---------------------------+-------+-------+-------++-------
  Melee: Quarterstaff      |    78 |   132 |   204 ||   414
  Throw: Throwing net      |     5 |       |     1 ||     6
   Cast: Momentum Strike   |       |       |    25 ||    25
  Evoke: Wand              |       |     2 |       ||     2
    Use: Scroll            |     3 |     5 |     3 ||    11
         Potion            |     1 |     5 |     2 ||     8
   Stab: Sleeping          |     2 |     4 |       ||     6
         Held in net/web   |     2 |       |       ||     2
 Armour: Leather armour    |    33 |   111 |   148 ||   292
         Skin              |     8 |       |       ||     8
  Dodge: Dodged            |    37 |   123 |   119 ||   279

Table legend: (Time is in decaauts)
 A = Elapsed time spent in this place.
 B = Non-inter-level travel time spent in this place.
 C = Inter-level travel time spent in this place.
 D = Time resting spent in this place.
 E = Time spent auto-exploring this place.
 F = Levels seen in this place.
 G = Mean time per level.
                   A        B        C        D        E       F      G
               +--------+--------+--------+--------+--------+-----+--------+
         Total |   6871 |   6511 |    360 |   1468 |   3717 |   8 |  858.9 |
       Dungeon |   6838 |   6500 |    338 |   1468 |   3717 |   7 |  976.9 |
        Temple |     33 |     12 |     21 |      0 |      0 |   1 |   33.0 |
               +--------+--------+--------+--------+--------+-----+--------+

Top non-repeatable levels by time:
     D:5: 1430 daAuts
     D:4: 1332 daAuts
     D:6: 1308 daAuts
     D:2: 1049 daAuts
     D:3: 916 daAuts
     D:1: 798 daAuts
  Temple: 33 daAuts
     D:7: 2 daAuts
